 Seeded DCSS version 0.25-a0-661-g55ea3d2 (webtiles) character file.

Game seed: 333972318490829218, levelgen mode: deterministic

440 wearedevo the Cutter (level 7, -2/45 HPs)
             Began as a Halfling Warper on Mar 23, 2020.
             Was an Initiate of Ashenzari.
             Slain by an orc
             ... wielding a +0 trident
              (9 damage)
             ... on level 3 of the Dungeon.
             The game lasted 00:09:49 (2236 turns).

wearedevo the Cutter (Halfling Warper)              Turns: 2236, Time: 00:09:50

Health: -2/45      AC:  4    Str: 13    XL:     7   Next: 22%
Magic:  9/9        EV: 16    Int: 12    God:    Ashenzari [......]
Gold:   120        SH:  0    Dex: 14    Spells: 7/9 levels left

rFire    . . .     SeeInvis .   k - +0 dagger (elec) (curse)
rCold    . . .     Gourm    .   (shield restricted)
rNeg     . . .     Faith    .   s - +0 leather armour (curse)
rPois    .         Spirit   .   c - +0 helmet (curse)
rElec    .         Reflect  .   (no cloak)
rCorr    .         Harm     .   (no gloves)
MR       .....                  (no boots)
Stlth    +.........             (no amulet)
HPRegen  0.15/turn              (no ring)
MPRegen  0.11/turn              (no ring)

@: no status effects
A: small, mutation resistance 1
a: Curse Item, Renounce Religion


You were on level 3 of the Dungeon.
You worshipped Ashenzari.
Ashenzari was noncommittal.
You were hungry.

You visited 1 branch of the dungeon, and saw 3 of its levels.

You collected 120 gold pieces.

Inventory:

Hand Weapons
 a - a +0 mace
 k - a cursed +0 dagger of electrocution (weapon)
Missiles
 e - 5 boomerangs of dispersal (quivered)
 l - 93 stones
 q - 15 sling bullets
Armour
 b - a +0 leather armour
 c - a cursed +0 helmet (worn)
 m - a +0 ring mail
 p - a +0 scale mail
 s - a cursed +0 leather armour (worn)
Scrolls
 d - a scroll of blinking
 g - 3 scrolls of identify {unknown}
 h - a scroll of magic mapping {unknown}
 j - a scroll of random uselessness {unknown}
Potions
 i - 2 potions of brilliance {unknown}
 n - 2 potions of stabbing {unknown}
 o - a potion of ambrosia {unknown}
 t - a potion of heal wounds {unknown}
Comestibles
 f - 2 rations
 r - 4 chunks of flesh


   Skills:
 - Level 2.2 Fighting
 * Level 4.8 Short Blades
 - Level 1.7 Maces & Flails
 - Level 1.0 Throwing
 - Level 4.0 Armour
 + Level 4.1 Dodging
 - Level 0.5 Stealth
 - Level 1.5 Spellcasting
 + Level 4.0 Translocations


You had 7 spell levels left.
You knew the following spells:

 Your Spells              Type           Power        Failure   Level  Hunger
a - Blink                 Tloc           N/A          10%         2    ###....

Your spell library contained the following spells:

 Spells                   Type           Power        Failure   Level  Hunger
 Gell's Gravitas          Tloc           ##........   21%         3    ####...
 Lesser Beckoning         Tloc           ##........   21%         3    ####...
 Teleport Other           Tloc           ##......     21%         3    ####...
 Shroud of Golubria       Chrm/Tloc      #.....       24%         2    ###....
 Passage of Golubria      Tloc           N/A          54%         4    #####..


Dungeon Overview and Level Annotations

Branches:
Dungeon (3/15)

Altars:
Ashenzari
Dithmenos
Makhleb
Uskayaw
Wu Jian


Innate Abilities, Weirdness & Mutations

You are small and have problems with some larger weapons.
You are somewhat resistant to further mutation.


Message History

You hit the orc priest but do no damage.
Lightning courses through the orc priest!
The orc priest is almost dead.
The orc priest mumbles some strange prayers to Beogh against you.
Pain shoots through your body!
* * * LOW HITPOINT WARNING * * *
The orc closely misses you. The orc misses you.
You barely miss the orc priest.
The orc priest is almost dead.
The orc priest calls down the wrath of Beogh upon you.
Pain shoots through your body!
* * * LOW HITPOINT WARNING * * *
You hit the orc priest but do no damage.
The orc priest is almost dead.
The orc misses you. The orc closely misses you.
You hit the orc priest but do no damage.
The orc priest is almost dead.
The orc priest closely misses you. The orc misses you.
The orc hits you with a +0 trident!
You die...

####...#.####.####.# #.#
.....#.....##.# #.# #.#
####.#.#.#.##.# #.#
#....#.....##o####.#
#.#######...o......#
#...>#......#.....[...
###.####################
# #....†.......o.o......
# ##..#..#..#..#@o#..#.
# #.....................
# #...#..#..#..#..#..#..
# #.....................
# #.####################
# ## #


You could see an orc priest and 2 orcs.

Vanquished Creatures
  Grinder (D:3)
  An orc priest (D:3)
  Terence (D:2)
  2 orc wizards
  5 adders
  2 worms
  4 dart slugs
  2 leopard geckos
  7 orcs
  9 bats
  3 giant cockroaches (D:1)
  2 goblins
  4 hobgoblins
  10 jackals
  3 ball pythons
  2 frilled lizards
  9 kobolds
  5 rats
72 creatures vanquished.

Notes
Turn   | Place    | Note
-------+----------+-------------------------------------------
     0 | D:1      | wearedevo the Halfling Warper began the quest for the Orb.
     0 | D:1      | Reached XP level 1. HP: 14/14 MP: 3/3
   135 | D:1      | Reached XP level 2. HP: 19/19 MP: 4/4
   497 | D:1      | Reached XP level 3. HP: 24/24 MP: 5/5
   508 | D:1      | Learned a level 2 spell: Blink
   554 | D:1      | Reached skill level 1 in Short Blades
   906 | D:2      | You fall into a shaft and drop 1 floor!
   932 | D:3      | Reached XP level 4. HP: 25/29 MP: 6/6
  1256 | D:2      | Found a shadowy altar of Dithmenos.
  1256 | D:2      | Found a hide-covered altar of Uskayaw.
  1256 | D:2      | Found an ornate altar of the Wu Jian Council.
  1298 | D:2      | Noticed Terence
  1307 | D:2      | Killed Terence
  1307 | D:2      | Reached XP level 5. HP: 34/34 MP: 7/7
  1417 | D:2      | Found a faded altar of an unknown god.
  1577 | D:2      | Found a shattered altar of Ashenzari.
  1580 | D:2      | Found a burning altar of Makhleb.
  1617 | D:2      | Became a worshipper of Ashenzari the Shackled
  1899 | D:3      | Reached XP level 6. HP: 39/39 MP: 8/8
  1932 | D:3      | Noticed Grinder
  1951 | D:3      | Killed Grinder
  1951 | D:3      | Reached XP level 7. HP: 45/45 MP: 9/9
  2236 | D:3      | Slain by an orc

Levels and vault maps discovered:
D:1:      lightli_molten_gateway, layout_basic, minmay_split_cup_small
D:2:      layout_rooms, grunt_temple_overflow_open,
          gammafunk_temple_overflow_claw, chequers_ecumenical_altar_twisty,
          uniq_terence
D:3:      layout_loops_ring, ebering_ghost_sewer_d, columned_hall_lemuel,
          uniq_grinder

Skill      XL: |  1  2  3  4  5  6  7 |
---------------+----------------------+-----
Fighting       | 2 |  2.2
Short Blades   | 1 2 3 4 |  4.8
Dodging        | 3 4 |  4.1
Armour         | 2 4 |  4.0
Translocations | 4 |  4.0
Maces & Flails | |  1.7
Throwing       | |  1.0
Stealth        | |  0.5
Spellcasting   | |  1.5

Action                   |  1- 3 |  4- 6 |  7- 9 || total
-------------------------+-------+-------+-------++-------
Melee: Mace              |    30 |       |       ||    30
       Dagger            |    67 |   114 |    46 ||   227
Invok: Curse Item        |       |     1 |       ||     1
 Stab: Distracted        |     1 |       |       ||     1
  Eat: Chunk             |       |     3 |     1 ||     4
Armor: Leather armour    |     4 |       |    10 ||    14
       Ring mail         |    11 |     5 |       ||    16
       Scale mail        |       |    20 |       ||    20
Dodge: Dodged            |    77 |    66 |    37 ||   180

Table legend:
 A = Non-vault XP
 B = Vault XP
 C = Vault XP percentage of total XP
 D = Non-vault monster count
 E = Vault monster count
 F = Vault count percentage of total count
                 A         B        C        D         E       F
            +---------+---------+-------+---------+---------+-------
      Total |     306 |     323 |  51.4 |      67 |       5 |   6.9
            +---------+---------+-------+---------+---------+-------
        D:1 |      50 |       4 |   7.4 |      25 |       3 |  10.7
        D:2 |      76 |      38 |  33.3 |      16 |       1 |   5.9
        D:3 |     180 |     281 |  61.0 |      26 |       1 |   3.7
            +---------+---------+-------+---------+---------+-------
